 Dungeon Crawl Stone Soup version 0.27-a0-1442-g87b6fcb595 (webtiles) character file.

Game seed: 7709219275506405189

92 avis the Chopper (level 4, -1/39 HPs)
             Began as a Hill Orc Monk on July 4, 2021.
             Slain by a black bear (2 damage)
             ... on level 3 of the Dungeon.
             The game lasted 00:11:04 (2271 turns).

avis the Chopper (Hill Orc Monk)                    Turns: 2271, Time: 00:11:06

Health: -1/39      AC:  9    Str: 14    XL:     4   Next: 60%
Magic:  4/4        EV:  6    Int: 10    God:
Gold:   82         SH:  0    Dex: 13    Spells: 1/3 levels left

rFire    . . .     SeeInvis .   a - +1 whip (vamp)
rCold    . . .     Faith    .   (no shield)
rNeg     . . .     Spirit   .   m - +0 chain mail
rPois    .         Reflect  .   (no helmet)
rElec    .         Harm     .   q - +0 cloak
rCorr    .         Rampage  .   (no gloves)
Will     .....                  (no boots)
Stlth    ..........             (no amulet)
HPRegen  0.13/turn              (no ring)
MPRegen  0.09/turn              (no ring)

@: no status effects
A: no striking features
a: no special abilities


You were on level 3 of the Dungeon.
You visited 1 branch of the dungeon, and saw 4 of its levels.

You collected 82 gold pieces.

Inventory:

Hand Weapons
 a - a +1 vampiric whip (weapon)
 b - a +0 hunting sling
 l - a +0 hand axe
Missiles
 c - 95 stones (quivered)
 g - 35 arrows
 h - 26 bolts
 j - 21 poisoned darts
Armour
 e - a +0 ring mail
 m - a +0 chain mail (worn)
 q - a +0 cloak (worn)
Scrolls
 f - 2 scrolls of identify {unknown}
 k - a scroll of teleportation {unknown}
 o - 5 scrolls of enchant weapon {unknown}
 p - a scroll of amnesia {unknown}
Potions
 d - a potion of cancellation {unknown}
 i - a potion of haste {unknown}
 n - a potion of heal wounds {unknown}
 r - a potion of might {unknown}


   Skills:
 - Level 3.6 Fighting
 - Level 6.2(6.5) Axes
 * Level 2.2(4.0) Maces & Flails
 - Level 2.4 Dodging
 - Level 1.5 Stealth


You had one spell level left.
You knew the following spells:

 Your Spells              Type           Power      Damage    Failure   Level
b - Blink                 Tloc           N/A        N/A       100%        2

Your spell library contained the following spells:

 Spells                   Type           Power      Damage    Failure   Level
 Passage of Golubria      Tloc           N/A        N/A       100%        4
 Manifold Assault         Tloc           0%         N/A       100%        5
 Silence                  Hex/Air        0%         N/A       100%        5
 Storm Form               Tmut/Air       0%         N/A       100%        7
 Lehudib's Crystal Spear  Conj/Erth      0%         10d2      100%        8


Dungeon Overview and Level Annotations

Branches:
Dungeon (4/15)
 Temple: D:4-7

Altars:


Message History

The black bear is heavily wounded.
You hit the black bear.
You feel better.
The black bear is heavily wounded.
The black bear bites you. The black bear claws you.
The black bear claws you but does no damage.
You hit the black bear.
The black bear is severely wounded.
The black bear bites you.
The black bear claws you but does no damage. x2
You hit the black bear.
You feel better.
The black bear is almost dead.
The black bear bites you but does no damage.
The black bear claws you but does no damage. x2
You hit the black bear.
The black bear is almost dead.
The black bear goes berserk!
You barely miss the black bear.
The black bear is almost dead.
The black bear barely misses you. x2; The black bear completely misses you.
You hit the black bear but do no damage.
The black bear is almost dead.
The black bear bites you.
The black bear claws you but does no damage.
The black bear barely misses you. The black bear bites you.
* * * LOW HITPOINT WARNING * * *
The black bear claws you but does no damage.
The black bear claws you.
* * * LOW HITPOINT WARNING * * *
You hit the black bear but do no damage.
The black bear is almost dead.
The black bear bites you but does no damage.
The black bear claws you but does no damage. x2
You hit the black bear.
You feel better.
The black bear is almost dead.
The black bear bites you.
* * * LOW HITPOINT WARNING * * *
The black bear claws you.
* * * LOW HITPOINT WARNING * * *
The black bear barely misses you. The black bear bites you.
You die...

....###.######...#
###...#......#.#.#
###.###....#.#.#
.# #......#.# #
#.....##.#
.........##.#
.#....##.##.#
....####.##.# ##
#... #.##@# .. ###
..##h# ## .###.##
.# #..# .# #.....#
.# ####..# .. ###
## #


You could see a black bear (berserk).

Vanquished Creatures
  2 adders (D:3)
  An adder skeleton (D:2)
  A worm (D:3)
  A dart slug (D:3)
  4 orcs (D:2)
  A bat skeleton (D:2)
  4 endoplasms
  A giant cockroach (D:1)
  2 goblins
  3 hobgoblins
  6 jackals
  3 kobolds
  3 quokkas
  6 ball pythons
  2 ball python skeletons (D:2)
  8 bats
  5 frilled lizards
  8 rats
61 creatures vanquished.

Notes
Turn   | Place    | Note
-------+----------+-------------------------------------------
     0 | D:1      | avis the Hill Orc Monk began the quest for the Orb.
     0 | D:1      | Reached XP level 1. HP: 19/19 MP: 1/1
   376 | D:1      | Reached XP level 2. HP: 26/26 MP: 2/2
   411 | D:1      | Reached skill level 5 in Axes
   943 | D:2      | Reached XP level 3. HP: 31/31 MP: 3/3
  1378 | D:2      | You fall into a shaft and drop 2 floors!
  1379 | D:4      | Noticed a black bear
  1430 | D:2      | Reached skill level 6 in Axes
  1644 | D:2      | Found a faded altar of an unknown god.
  1654 | D:2      | Learned a level 2 spell: Blink
  1839 | D:3      | Reached XP level 4. HP: 39/39 MP: 4/4
  1853 | D:3      | Reached skill level 1 in Maces & Flails
  2249 | D:3      | Noticed a black bear
  2271 | D:3      | HP: 1/39 [black bear (5)]
  2271 | D:3      | Slain by a black bear

Illustrated notes

Levels and vault maps discovered:
D:1:      minmay_arrival_loop, layout_loops_ring, minmay_misc_feat_secret_circle
D:2:      layout_loops_cross, hellmonk_ecumenical_altar_lost_god, serial_undead,
          serial_undead_f, serial_undead_a, serial_undead_a, serial_undead_f,
          serial_bayou_pond_e
D:3:      layout_rooms, minmay_box_of_dots
D:4:      layout_cave_pools, amcnicky_altar_gilded,
          amethyst_overflow_temple_binary, serial_column_ruins,
          column_ruins_hut_ruined, column_ruins_hut_water,
          column_ruins_corridor_straight, column_ruins_open_small,
          column_ruins_open_small, column_ruins_open_small,
          column_ruins_open_medium, column_ruins_open_medium,
          uniq_crazy_yiuf_cottage

Skill      XL: |  1  2  3  4 |
---------------+-------------+-----
Axes           | 5 6 |  6.2
Maces & Flails | 2 |  2.2
Fighting       | |  3.6
Dodging        | |  2.4
Stealth        | |  1.5

Action                   |  1- 3 |  4- 6 || total
-------------------------+-------+-------++-------
Melee: Hand axe          |    78 |       ||    78
       Whip              |    18 |    64 ||    82
 Fire: Hunting sling     |    62 |    24 ||    86
Armor: Ring mail         |    43 |       ||    43
       Chain mail        |     8 |    62 ||    70
Dodge: Dodged            |    64 |    22 ||    86

Table legend: (Time is in decaauts)
 A = Elapsed time spent in this place.
 B = Non-inter-level travel time spent in this place.
 C = Inter-level travel time spent in this place.
 D = Time resting spent in this place.
 E = Time spent auto-exploring this place.
 F = Levels seen in this place.
 G = Mean time per level.
                   A        B        C        D        E       F      G
               +--------+--------+--------+--------+--------+-----+--------+
         Total |   2266 |   2146 |    120 |    168 |   1230 |   4 |  566.5 |
       Dungeon |   2266 |   2146 |    120 |    168 |   1230 |   4 |  566.5 |
               +--------+--------+--------+--------+--------+-----+--------+

Top non-repeatable levels by time:
     D:1: 1014 daAuts
     D:2: 765 daAuts
     D:3: 483 daAuts
     D:4: 2 daAuts
